MLB
HOUSTON ASTROS @ TEXAS RANGERS
09/21/2048
 
TOP OF THE 1ST
Houston Astros batting - Pitching for Texas Rangers : RHP Kevin Ovens-Toots
Pitching: RHP Kevin Ovens-Toots
Batting: RHB Jesse Scott 0-0: Ball
1-0: Ball
2-0: Called Strike
2-1: Foul Ball, location: 2F
2-2: Ground out 5-3 (Groundball, 56S, EV 83.1 MPH)
Batting: LHB Eric Katz 0-0: Ball
1-0: Fly out, F9 (Line Drive, 9, EV 106.9 MPH)
Batting: LHB Jack Christie 0-0: Ball
1-0: Hit by Pitch
Batting: SHB Rich Chavez 0-0: Foul Ball, location: 2F
0-1: Ball
1-1: Ball
2-1: SINGLE (Groundball, 34D, EV 96.9 MPH)
Jack Christie to second
Runner from 2nd tries for 3rd, SAFE, throw by RF made to third
Batting: RHB Jeremy Trump 0-0: Called Strike
0-1: Swinging Strike
0-2: Foul Ball, location: 2F
0-2: Ball
1-2: Strikes out swinging
Top of the 1st over - 0 runs, 1 hit, 0 errors, 2 left on base; Houston 0 - Texas 0
BOTTOM OF THE 1ST
Texas Rangers batting - Pitching for Houston Astros : RHP Josh Sandoval
Pitching: RHP Josh Sandoval
Batting: LHB Sean Geisler 0-0: Ball
1-0: Foul Ball, location: 2F
1-1: Fly out, F8 (Flyball, 8LM, EV 97.5 MPH)
Batting: RHB Butch Kaiser 0-0: Ground out 4-3 (Groundball, 4M, EV 85.6 MPH)
Batting: SHB John Giesbrecht 0-0: Ball
1-0: Called Strike
1-1: Swinging Strike
1-2: Strikes out looking
Bottom of the 1st over - 0 runs, 0 hits, 0 errors, 0 left on base; Houston 0 - Texas 0
TOP OF THE 2ND
Houston Astros batting - Pitching for Texas Rangers : RHP Kevin Ovens-Toots
Batting: RHB Eric Chotkowski 0-0: Ball
1-0: Fly out, F8 (Line Drive, 8RM, EV 90.0 MPH)
Batting: RHB Elijah Hunter 0-0: Ball
1-0: Foul Ball, location: 2F
1-1: Swinging Strike
1-2: Ball
2-2: Ground out 4-3 (Groundball, 4MS, EV 85.0 MPH)
Batting: SHB Troy Kenyon 0-0: Called Strike
0-1: Foul Ball, location: 2F
0-2: Ground out 4-3 (Groundball, 4, EV 86.2 MPH)
Top of the 2nd over - 0 runs, 0 hits, 0 errors, 0 left on base; Houston 0 - Texas 0
BOTTOM OF THE 2ND
Texas Rangers batting - Pitching for Houston Astros : RHP Josh Sandoval
Batting: SHB Vince Ealy 0-0: Ball
1-0: Called Strike
1-1: Swinging Strike
1-2: Ball
2-2: Strikes out swinging
Batting: RHB Ray Llewellyn 0-0: Ball
1-0: Ball
2-0: Foul Ball, location: 2F
2-1: Ball
3-1: Base on Balls
Batting: RHB Marc Peckermark 0-0: SINGLE (Line Drive, 7S, EV 103.1 MPH)
Ray Llewellyn to second
Batting: RHB Blake Ballard 0-0: Called Strike
0-1: Swinging Strike
0-2: Ball
1-2: SINGLE (Groundball, 56S, EV 68.8 MPH) (infield hit)
Ray Llewellyn to third
Marc Peckermark to second
Batting: RHB Zhao-ji Chi 0-0: DOUBLE (Groundball, 5L, EV 100.6 MPH)
Ray Llewellyn scores
Marc Peckermark scores
Blake Ballard to third
Batting: RHB Chris Torlak 0-0: Called Strike
0-1: DOUBLE (Line Drive, 9LM, EV 102.5 MPH)
Blake Ballard scores
Zhao-ji Chi scores
Batting: LHB Sean Geisler 0-0: Ball
1-0: SINGLE (Groundball, 25, EV 69.4 MPH) (infield hit)
Chris Torlak to third
Batting: RHB Butch Kaiser 0-0: Ball
1-0: Grounds into double play, 4-6-3 (Groundball, 4, EV 109.4 MPH)
Bottom of the 2nd over - 4 runs, 5 hits, 0 errors, 1 left on base; Houston 0 - Texas 4
TOP OF THE 3RD
Houston Astros batting - Pitching for Texas Rangers : RHP Kevin Ovens-Toots
Batting: SHB Bryan Johnston 0-0: Ball
1-0: Ground out 4-3 (Groundball, 34D, EV 111.9 MPH)
Batting: RHB Jesse Scott 0-0: Swinging Strike
0-1: Ball
1-1: Swinging Strike
1-2: Foul Ball, location: 2F
1-2: Strikes out swinging, 2-3 out at first.
Batting: LHB Eric Katz 0-0: Ball
1-0: Swinging Strike
1-1: Swinging Strike
1-2: Ball
2-2: Strikes out swinging
Top of the 3rd over - 0 runs, 0 hits, 0 errors, 0 left on base; Houston 0 - Texas 4
BOTTOM OF THE 3RD
Texas Rangers batting - Pitching for Houston Astros : RHP Josh Sandoval
Batting: SHB John Giesbrecht 0-0: SINGLE (Groundball, 6D, EV 97.5 MPH)
Batting: SHB Vince Ealy 0-0: Ball
1-0: Foul Ball, location: 2F
1-1: Foul Ball, location: 2F
1-2: Strikes out swinging
Batting: RHB Ray Llewellyn 0-0: Ball
1-0: Ball
2-0: Ball
3-0: Base on Balls
John Giesbrecht to second
Batting: RHB Marc Peckermark 0-0: Ball
1-0: Grounds into double play, 5-4-3 (Groundball, 56, EV 105.0 MPH)
Bottom of the 3rd over - 0 runs, 1 hit, 0 errors, 1 left on base; Houston 0 - Texas 4
TOP OF THE 4TH
Houston Astros batting - Pitching for Texas Rangers : RHP Kevin Ovens-Toots
Batting: LHB Jack Christie 0-0: Ball
1-0: Ball
2-0: Foul Ball, location: 2F
2-1: Foul Ball, location: 2F
2-2: Foul Ball, location: 2F
2-2: SINGLE (Groundball, 56S, EV 66.2 MPH) (infield hit)
Batting: SHB Rich Chavez 0-0: Ball
1-0: 2-RUN HOME RUN (Flyball, 9D, EV 99.4 MPH), Distance : 392 ft
Batting: RHB Jeremy Trump 0-0: Ball
1-0: Ball
2-0: SOLO HOME RUN (Flyball, 7LD, EV 95.6 MPH), Distance : 369 ft
Batting: RHB Eric Chotkowski 0-0: Swinging Strike
0-1: Ball
1-1: SOLO HOME RUN (Flyball, 7LD, EV 96.2 MPH), Distance : 354 ft
Batting: RHB Elijah Hunter 0-0: Ball
1-0: Called Strike
1-1: Ball
2-1: Ball
3-1: Swinging Strike
3-2: Base on Balls
Batting: SHB Troy Kenyon 0-0: Swinging Strike
0-1: Ball
1-1: Foul Ball, location: 2F
1-2: Ball
2-2: Strikes out swinging
Batting: SHB Bryan Johnston 0-0: Hit by Pitch
Elijah Hunter to second
Batting: RHB Jesse Scott 0-0: Called Strike
0-1: Ball
1-1: Ball
2-1: Ball
3-1: Foul Ball, location: 2F
3-2: SINGLE (Groundball, 4M, EV 91.9 MPH) (infield hit)
Elijah Hunter to third
Bryan Johnston to second
Batting: LHB Eric Katz 0-0: Ball
1-0: Ball
2-0: Called Strike
2-1: Foul Ball, location: 2F
2-2: Foul Ball, location: 2F
2-2: Fly out, F5 (Popup, 56S, EV 81.2 MPH)
Batting: LHB Jack Christie 0-0: Ball
1-0: Called Strike
1-1: Fielders Choice at 2nd, 6-4 (Groundball, 6, EV 86.2 MPH)
Top of the 4th over - 4 runs, 5 hits, 0 errors, 3 left on base; Houston 4 - Texas 4
BOTTOM OF THE 4TH
Texas Rangers batting - Pitching for Houston Astros : RHP Josh Sandoval
Batting: RHB Blake Ballard 0-0: Ball
1-0: Called Strike
1-1: Ball
2-1: Ball
3-1: Foul Ball, location: 2F
3-2: Base on Balls
Batting: RHB Zhao-ji Chi 0-0: Ball
1-0: Called Strike
1-1: Foul Ball, location: 2F
1-2: SINGLE (Line Drive, 3D, EV 102.5 MPH)
Blake Ballard to second
Batting: RHB Chris Torlak 0-0: Grounds into double play, 4-6-3 (Groundball, 34, EV 88.1 MPH)
Blake Ballard to third
Batting: LHB Sean Geisler 0-0: Called Strike
0-1: Foul Ball, location: 2F
0-2: SINGLE (Groundball, 6S, EV 67.5 MPH) (infield hit)
Blake Ballard scores
Pitching: RHP Jorge Aguilar
Batting: RHB Butch Kaiser 0-0: Ground out 4-3 (Groundball, 34, EV 98.8 MPH)
Bottom of the 4th over - 1 run, 2 hits, 0 errors, 1 left on base; Houston 4 - Texas 5
TOP OF THE 5TH
Houston Astros batting - Pitching for Texas Rangers : RHP Kevin Ovens-Toots
Batting: SHB Rich Chavez 0-0: Ball
1-0: Called Strike
1-1: Called Strike
1-2: DOUBLE (Line Drive, 78D, EV 115.0 MPH)
Batting: RHB Jeremy Trump 0-0: Foul Ball, location: 2F
0-1: SINGLE (Line Drive, 4MD, EV 96.2 MPH)
Rich Chavez to third
Batting: RHB Eric Chotkowski 0-0: Swinging Strike
0-1: Ball
1-1: Grounds into double play, 4-6-3 (Groundball, 4, EV 102.5 MPH)
Rich Chavez scores
Batting: RHB Elijah Hunter 0-0: Ball
1-0: Swinging Strike
1-1: Swinging Strike
1-2: Ball
2-2: Strikes out swinging
Top of the 5th over - 1 run, 2 hits, 0 errors, 0 left on base; Houston 5 - Texas 5
BOTTOM OF THE 5TH
Texas Rangers batting - Pitching for Houston Astros : RHP Jorge Aguilar
Batting: SHB John Giesbrecht 0-0: Ball
1-0: Foul Ball, location: 2F
1-1: Ball
2-1: SINGLE (Line Drive, 6M, EV 97.5 MPH)
Batting: SHB Vince Ealy 0-0: Foul Ball, location: 2F
0-1: Hit by Pitch
John Giesbrecht to second
Batting: RHB Ray Llewellyn 0-0: Ball
1-0: Swinging Strike
1-1: Swinging Strike
1-2: Strikes out swinging
Batting: RHB Marc Peckermark 0-0: Fly out, F8 (Flyball, 8RM, EV 91.9 MPH)
Batting: RHB Blake Ballard 0-0: Called Strike
0-1: Ground out 5-3 (Groundball, 56S, EV 92.5 MPH)
Bottom of the 5th over - 0 runs, 1 hit, 0 errors, 2 left on base; Houston 5 - Texas 5
TOP OF THE 6TH
Houston Astros batting - Pitching for Texas Rangers : RHP Kevin Ovens-Toots
Pitching: RHP Andrew Coker
Batting: SHB Troy Kenyon 0-0: Called Strike
0-1: Ball
1-1: Called Strike
1-2: Ball
2-2: Ball
3-2: Strikes out swinging
Batting: SHB Bryan Johnston 0-0: SINGLE (Groundball, 4MD, EV 95.0 MPH)
Batting: RHB Jesse Scott 0-0: Foul Ball, location: 2F
0-1: Called Strike
0-2: Ball
1-2: Foul Ball, location: 2F
1-2: Strikes out swinging
Batting: LHB Eric Katz 0-0: Called Strike
0-1: Ball
1-1: Swinging Strike
1-2: Ball
2-2: Strikes out looking
Top of the 6th over - 0 runs, 1 hit, 0 errors, 1 left on base; Houston 5 - Texas 5
BOTTOM OF THE 6TH
Texas Rangers batting - Pitching for Houston Astros : RHP Jorge Aguilar
Batting: RHB Zhao-ji Chi 0-0: SINGLE (Line Drive, 78S, EV 110.0 MPH)
Batting: RHB Chris Torlak 0-0: Ball
1-0: Called Strike
1-1: Ball
2-1: Ball
3-1: Grounds into double play, 6-4-3 (Groundball, 6, EV 110.0 MPH)
Batting: LHB Sean Geisler 0-0: Ground out 4-3 (Groundball, 4, EV 92.5 MPH)
Bottom of the 6th over - 0 runs, 1 hit, 0 errors, 0 left on base; Houston 5 - Texas 5
TOP OF THE 7TH
Houston Astros batting - Pitching for Texas Rangers : RHP Andrew Coker
Batting: LHB Jack Christie 0-0: Called Strike
0-1: Ball
1-1: Called Strike
1-2: Fly out, F8 (Line Drive, 8RM, EV 101.2 MPH)
Batting: SHB Rich Chavez 0-0: Foul Ball, location: 2F
0-1: Foul Ball, location: 2F
0-2: Ball
1-2: Fly out, F7 (Line Drive, 7, EV 98.1 MPH)
Batting: RHB Jeremy Trump 0-0: Foul Ball, location: 2F
0-1: Foul Ball, location: 2F
0-2: Foul Ball, location: 2F
0-2: Foul Ball, location: 2F
0-2: Ball
1-2: Ball
2-2: Foul Ball, location: 2F
2-2: Fly out, F8 (Line Drive, 8LD, EV 91.2 MPH)
Top of the 7th over - 0 runs, 0 hits, 0 errors, 0 left on base; Houston 5 - Texas 5
BOTTOM OF THE 7TH
Texas Rangers batting - Pitching for Houston Astros : RHP Jorge Aguilar
Batting: RHB Butch Kaiser 0-0: Ball
1-0: DOUBLE (Flyball, 89D, EV 102.5 MPH)
Batting: SHB John Giesbrecht 0-0: Ball
1-0: Ground out 4-3 (Groundball, 4, EV 85.6 MPH)
Butch Kaiser to third
Batting: SHB Vince Ealy 0-0: Fly out, F6 (Popup, 6MS, EV 80.6 MPH)
Batting: RHB Ray Llewellyn 0-0: Called Strike
0-1: Foul Ball, location: 2F
0-2: Strikes out swinging
Bottom of the 7th over - 0 runs, 1 hit, 0 errors, 1 left on base; Houston 5 - Texas 5
TOP OF THE 8TH
Houston Astros batting - Pitching for Texas Rangers : RHP Andrew Coker
Pitching: RHP Lu-shan Zhào
Batting: RHB Eric Chotkowski 0-0: Called Strike
0-1: Ball
1-1: Ball
2-1: Called Strike
2-2: Strikes out swinging
Batting: RHB Elijah Hunter 0-0: Ball
1-0: Called Strike
1-1: Fly out, F5 (Popup, 56S, EV 78.8 MPH)
Batting: SHB Troy Kenyon 0-0: Swinging Strike
0-1: Foul Ball, location: 2F
0-2: SINGLE (Line Drive, 89S, EV 107.5 MPH)
Batting: SHB Bryan Johnston 0-0: DOUBLE (Flyball, 8RXD, EV 112.5 MPH)
Troy Kenyon to third
Batting: RHB Jesse Scott 0-0: Called Strike
0-1: Ball
1-1: Fly out, F8 (Flyball, 8RD, EV 96.2 MPH)
Top of the 8th over - 0 runs, 2 hits, 0 errors, 2 left on base; Houston 5 - Texas 5
BOTTOM OF THE 8TH
Texas Rangers batting - Pitching for Houston Astros : RHP Jorge Aguilar
Pinch Hitting: SHB Addick de Vries 0-0: Ball
1-0: Foul Ball, location: 2F
1-1: Ball
2-1: Ball
3-1: Called Strike
3-2: SINGLE (Groundball, 4MD, EV 105.0 MPH)
Batting: RHB Blake Ballard 0-0: Ball
1-0: Sac Bunt to P - play at second, runner OUT! 1-6
Batting: RHB Zhao-ji Chi 0-0: Called Strike
0-1: Ball
1-1: Foul Ball, location: 2F
1-2: Strikes out swinging
Pinch Hitting: LHB Josh Stuck 0-0: Ball
1-0: Ball
Wild Pitch!
Blake Ballard to second
2-0: Foul Ball, location: 2F
2-1: Ball
3-1: Base on Balls
Pitching: RHP Aaron Shapiro
Batting: LHB Sean Geisler 0-0: Ball
1-0: Ball
2-0: Ball
3-0: Base on Balls
Blake Ballard to third
Josh Stuck to second
Batting: RHB Butch Kaiser 0-0: Called Strike
0-1: Called Strike
0-2: Fielders Choice at 2nd, 5-4 (Groundball, 5, EV 83.8 MPH)
Bottom of the 8th over - 0 runs, 1 hit, 0 errors, 3 left on base; Houston 5 - Texas 5
TOP OF THE 9TH
Houston Astros batting - Pitching for Texas Rangers : RHP Lu-shan Zhào
Now at 3B: Vince Ealy
Now at SS: Addick de Vries
Now in LF: Josh Stuck
Now in CF: Zhao-ji Chi
Batting: LHB Eric Katz 0-0: Foul Ball, location: 2F
0-1: Called Strike
0-2: Foul Ball, location: 2F
0-2: Strikes out looking
Batting: LHB Jack Christie 0-0: Swinging Strike
0-1: Ball
1-1: Swinging Strike
1-2: Strikes out swinging
Batting: SHB Rich Chavez 0-0: Ball
1-0: Ball
2-0: Ball
3-0: Called Strike
3-1: Base on Balls
Batting: RHB Jeremy Trump 0-0: Called Strike
0-1: Called Strike
0-2: SINGLE (Groundball, 4MD, EV 103.1 MPH)
Rich Chavez to second
Batting: RHB Eric Chotkowski 0-0: Ball
1-0: SINGLE (Groundball, 4MD, EV 101.2 MPH)
Rich Chavez to third
Jeremy Trump to second
Runner from 3rd tries for Home, SAFE, throw by CF to home
Batting: RHB Elijah Hunter 0-0: Foul Ball, location: 2F
0-1: Called Strike
0-2: Ball
1-2: Foul Ball, location: 2F
1-2: Reached on error, E4 (Groundball, 4MS, EV 78.8 MPH)
Jeremy Trump to third
Eric Chotkowski to second
Batting: SHB Troy Kenyon 0-0: Called Strike
0-1: Ball
1-1: Foul Ball, location: 2F
1-2: Ground out 2-3 (Groundball, 2L, EV 70.0 MPH)
Top of the 9th over - 1 run, 2 hits, 1 error, 3 left on base; Houston 6 - Texas 5
BOTTOM OF THE 9TH
Texas Rangers batting - Pitching for Houston Astros : RHP Aaron Shapiro
Pitching: LHP Brian Thomas
Batting: SHB John Giesbrecht 0-0: Called Strike
0-1: Ball
1-1: Ball
2-1: Foul Ball, location: 2F
2-2: Ground out 6-3 (Groundball, 6, EV 84.4 MPH)
Batting: SHB Vince Ealy 0-0: Swinging Strike
0-1: Ball
1-1: Ball
2-1: Called Strike
2-2: Foul Ball, location: 2F
2-2: Ground out 4-3 (Groundball, 4D, EV 98.8 MPH)
Batting: RHB Ray Llewellyn 0-0: Foul Ball, location: 2F
0-1: Swinging Strike
0-2: Ball
1-2: Fly out, F7 (Flyball, 7, EV 85.0 MPH)
Bottom of the 9th over - 0 runs, 0 hits, 0 errors, 0 left on base; Houston 6 - Texas 5
Tuesday, March 28th , 2023 - OOTP Baseball 23.10 Build 110